 Dungeon Crawl Stone Soup version 0.30-a0-568-g124715a40b (webtiles) character file.

Game seed: 14286977821394550314

14198 Newt the Spry (level 11, -4/77 HPs)
             Began as a Demonspawn Gladiator on Dec 28, 2022.
             Was a High Priest of Okawaru.
             Slain by a five-headed hydra (7 damage)
             ... on level 2 of the Lair of Beasts.
             The game lasted 00:17:47 (11727 turns).

Newt the Spry (Demonspawn Gladiator)               Turns: 11727, Time: 00:17:48

Health: -4/77      AC: 19    Str: 24    XL:     11   Next: 85%
Magic:  0/11       EV: 16    Int: 10    God:    Okawaru [*****.]
Gold:   289        SH: 14    Dex: 13    Spells: 9/10 levels left

rFire   + . .      SeeInvis .    j - +5 whip (vamp)
rCold   + . .      Faith    .    D - +3 warlock's mirror {reflect}
rNeg    . . .      Spirit   +    O - +4 chain mail of Immorality {rElec rCorr Str+6 Dex-4}
rPois   +          Reflect  +    (helmet restricted)
rElec   +          Harm     .    p - scarf {rC+ rF+}
rCorr   +          Rampage  .    (no gloves)
Will    .....                    y - +2 pair of boots Stlth
                                 I - brooch of Shielding {Spirit SH+8}
HPRegen 0.32/turn                T - +4 ring of protection
MPRegen 0.24/turn                R - ring of poison resistance

@: no status effects
A: horns 2, repulsion field 2, powered by death 1, magic regeneration, thin
skeletal structure 1, wild magic 1
a: Renounce Religion, Heroism, Finesse, Duel


You were on level 2 of the Lair of Beasts.
You worshipped Okawaru.
Okawaru was extremely pleased with you.
You visited 3 branches of the dungeon, and saw 13 of its levels.
You visited the Abyss 1 time.
You also visited: Ossuary.

You collected 539 gold pieces.
You spent 250 gold pieces at shops.

Inventory:

Hand Weapons
 a - a +0 rapier
 j - a +5 vampiric whip (weapon)
 K - a +1 whip of flaming
 Q - a +4 flail
Missiles
 e - 8 javelins (quivered)
 w - 6 boomerangs
 N - 21 poisoned darts
Armour
 b - a +0 leather armour
 c - a +0 helmet
 d - a +3 troll leather armour {Snorg}
 k - the +3 buckler of the Gastropod {MP+9 Int+4}
   (Okawaru gifted it to you on level 3 of the Lair of Beasts)

   Int:       It affects your intelligence (+4).
   MP:        It affects your magic capacity (+9).
 p - a scarf of resistance (worn)
 q - a +1 pair of boots
 s - a +0 cloak
 y - a +2 pair of boots (worn)
 D - the +3 warlock's mirror (worn) {reflect}
   (You acquired it on level 7 of the Dungeon)

   It can block and reflect piercing ranged attacks and magical attacks against
   the wielder's willpower.
 F - a +0 scale mail
 O - the +4 chain mail of Immorality (worn) {rElec rCorr Str+6 Dex-4}
   (You found it on level 9 of the Dungeon)

   Str:       It affects your strength (+6).
   Dex:       It affects your dexterity (-4).
   rElec:     It insulates you from electricity.
   rCorr:     It protects you from acid and corrosion.
Jewellery
 v - an amulet of the acrobat
 H - a ring of protection from cold
 I - the brooch of Shielding (around neck) {Spirit SH+8}
   (You found it on level 7 of the Dungeon)

   [amulet of guardian spirit]

   It causes incoming damage to be divided between your reserves of health and
   magic.
   SH:        It affects your SH (+8).
 P - a ring of positive energy
 R - a ring of poison resistance (right hand)
 T - a +4 ring of protection (left hand)
Wands
 t - a wand of acid (3)
 C - a wand of iceblast (17)
Scrolls
 f - 2 scrolls of magic mapping
 h - 4 scrolls of amnesia
 m - 8 scrolls of teleportation
 u - a scroll of enchant armour
 B - 3 scrolls of fog
 L - 2 scrolls of enchant weapon
 M - 3 scrolls of identify
Potions
 g - 5 potions of lignification
 i - 2 potions of might
 l - 5 potions of flight
 n - 3 potions of curing
 o - 3 potions of magic
 r - 3 potions of haste
 x - 4 potions of attraction
 z - 4 potions of mutation
 A - 2 potions of invisibility
 E - a potion of brilliance
 G - a potion of resistance
 S - a potion of berserk rage
Miscellaneous
 J - a condenser vane


   Skills:
 - Level 4.0 Fighting
 - Level 2.6 Short Blades
 - Level 5.0 Maces & Flails
 - Level 1.7 Throwing
 + Level 16.3 Dodging
 - Level 3.0 Stealth


You had 9 spell levels left.
You knew the following spells:

 Your Spells              Type           Power      Damage    Failure   Level
a - Summon Small Mammal   Summ           0%         N/A       99%         1

Your spell library contained the following spells:

 Spells                   Type           Power      Damage    Failure   Level
 Freeze                   Ice            0%         1d3       99%         1
 Frozen Ramparts          Ice            0%         1d1       100%        3
 Hailstorm                Conj/Ice       0%         3d3       100%        3
 Call Canine Familiar     Summ           Unusable   N/A       N/A         3
 Summon Guardian Golem    Hex/Summ       Unusable   N/A       N/A         3

Dungeon Overview and Level Annotations

Branches:
Dungeon (9/15)             Temple (1/1) D:4            Lair (4/5) D:9
  Swamp (0/4) Lair:3        Snake (0/4) Lair:3        Slime (0/5) Lair:4
    Orc (0/2) D:9         Ossuary (visited)

Altars:
Ashenzari
Cheibriados
Dithmenos
Fedhas
Gozag
Hepliaklqana
Kikubaaqudgha
Makhleb
Nemelex Xobeh
Okawaru
Qazlal
Ru
Sif Muna
Trog
Uskayaw
Vehumet
Wu Jian
Yredelemnul

Shops:
D:1 [   D:5 *   D:9 *

Annotations:
D:9 3 runed translucent doors, ThrustWizard's ghost, journeyman DsMo
Lair:2 Amaemon
Lair:4 Josephine


Innate Abilities, Weirdness & Mutations

You have a pair of horns on your head.
You are surrounded by a moderate repulsion field. (EV +3)
You regenerate a little health from kills.
You regenerate magic rapidly.
You have a somewhat thin skeletal structure. (Dex +2, Stealth+)
Your spells are a little harder to cast, but a little more powerful.


Message History

The five-headed hydra is moderately wounded.
The five-headed hydra bites you.
You block the five-headed hydra's attack.
The five-headed hydra bites you. x2
The five-headed hydra closely misses you.
You hit the five-headed hydra.
You feel better.
Your headbutt misses the five-headed hydra.
The five-headed hydra is moderately wounded.
The scorpion disappears in a puff of smoke!
The five-headed hydra completely misses you. x2
The five-headed hydra barely misses you.
The five-headed hydra closely misses you.
The five-headed hydra completely misses you.
You completely miss the five-headed hydra.
The five-headed hydra is moderately wounded.
The orange demon screeches!
You block the five-headed hydra's attack.
The five-headed hydra bites you but does no damage.
You block the five-headed hydra's attack.
The five-headed hydra barely misses you.
You block the five-headed hydra's attack.
You hit the five-headed hydra.
You feel better.
You headbutt the five-headed hydra!
The five-headed hydra is heavily wounded.
Amaemon mumbles some strange words.
You block the five-headed hydra's attack. x2
The five-headed hydra bites you!
You block the five-headed hydra's attack.
The five-headed hydra bites you!
* * * LOW HITPOINT WARNING * * *
You whack the five-headed hydra!
The five-headed hydra is severely wounded.
The scorpion disappears in a puff of smoke!
The five-headed hydra bites you!
* * * LOW HITPOINT WARNING * * *
The five-headed hydra barely misses you.
The five-headed hydra bites you but does no damage.
You block the five-headed hydra's attack.
The five-headed hydra bites you!
You die...

###
##.#
#####
..#
.....
#.#
.....
#^##
.####
#.@# .#
#D## #
#Sy#
#6Y#
##F.# .
. #ls.#
. #.
##l†#
...
##4.#
P...###
#...##


You could see Amaemon, a five-headed hydra (corroded), an orange demon, a komodo
dragon, a cane toad, a basilisk, a water moccasin and a scorpion (summoned).

Vanquished Creatures
  Snorg (Lair:4)
  Erolcha (D:9)
  A hydra (Lair:2)
  A boulder beetle (D:7)
  A two-headed ogre (D:9)
  2 cane toads
  A gargoyle (D:7)
  2 rime drakes
  A komodo dragon (D:9)
  4 dream sheep (Lair:4)
  A slime creature (D:7)
  5 blink frogs (Lair:3)
  Sigmund (D:3)
  A vampire (D:7)
  A wyvern (Lair:3)
  4 yaks (Lair:4)
  3 wraiths
  2 basilisks
  Grum (D:8)
  2 steam dragons
  A vampire mosquito (D:7)
  3 nagas (Lair:3)
  A warg (D:9)
  2 water moccasins
  2 ice beasts (D:7)
  4 orc warriors
  5 sky beasts (D:7)
  A black bear (D:8)
  8 wolves
  An ogre (D:5)
  A phantom (D:7)
  3 centaurs
  A kobold brigand (D:9)
  Blork the orc (D:5)
  10 bullfrogs
  A necrophage (D:7)
  2 scorpions (D:5)
  11 killer bees
  An electric eel (Lair:3)
  3 howler monkeys
  3 centaur zombies (Ossuary)
  5 orc priests
  A gnoll bouda (D:7)
  3 iguanas
  4 orc wizards
  5 hell rats
  5 mummies
  4 gnolls (D:7)
  7 adders
  A shadow imp (D:5)
  2 worms (D:2)
  3 dart slugs
  26 orcs
  8 endoplasms
  9 giant cockroaches
  8 goblins
  9 hobgoblins
  4 quokkas
  6 ball pythons
  3 bats
  A frilled lizard (D:3)
  A gnoll zombie (Ossuary)
  2 goblin zombies (Ossuary)
  A hobgoblin zombie (Ossuary)
  12 kobolds
  A kobold zombie (Ossuary)
  An orc zombie (D:8)
  8 rats
241 creatures vanquished.

Vanquished Creatures (others)
  A water moccasin (Lair:2)
  A wolf (Lair:2)
  12 fungi
  22 plants
36 creatures vanquished.

Grand Total: 277 creatures vanquished

Notes
Turn   | Place    | Note
-------+----------+-------------------------------------------
     0 | D:1      | Newt the Demonspawn Gladiator began the quest for the Orb.
     0 | D:1      | Reached XP level 1. HP: 16/16 MP: 1/1
    73 | D:1      | Reached skill level 1 in Stealth
   117 | D:1      | Gained mutation: You regenerate magic rapidly. [demonic
                  | ancestry]
   117 | D:1      | Reached XP level 2. HP: 16/22 MP: 2/2
   412 | D:1      | Gained mutation: You are surrounded by a mild repulsion
                  | field. (EV +2) [demonic ancestry]
   412 | D:1      | Reached XP level 3. HP: 12/27 MP: 3/3
   598 | D:1      | Found Erreq's Armour Shoppe.
  1322 | D:2      | Reached skill level 1 in Maces & Flails
  1640 | D:2      | Learned a level 1 spell: Summon Small Mammal
  1641 | D:2      | Found a hide-covered altar of Uskayaw.
  1817 | D:2      | Reached XP level 4. HP: 33/33 MP: 4/4
  2272 | D:3      | Noticed Sigmund
  2725 | D:3      | Killed Sigmund
  2726 | D:3      | Reached XP level 5. HP: 38/38 MP: 5/5
  2862 | D:3      | Gained mutation: You are surrounded by a moderate repulsion
                  | field. (EV +3) [demonic ancestry]
  2862 | D:3      | Reached XP level 6. HP: 44/44 MP: 6/6
  3522 | D:4      | Found a staircase to the Ecumenical Temple.
  3556 | D:4      | Found a broken altar of Ashenzari.
  3650 | Temple   | Entered the Ecumenical Temple
  3658 | Temple   | Became a worshipper of Warmaster Okawaru
  4231 | D:4      | Reached skill level 5 in Maces & Flails
  4446 | D:5      | Entered Level 5 of the Dungeon
  4465 | D:5      | Noticed a water moccasin
  4689 | D:5      | Found Metsout's Assorted Antiques.
  4699 | D:5      | Bought a pair of embroidered boots for 150 gold pieces
  4699 | D:5      | Bought a scroll of identify for 40 gold pieces
  4748 | D:5      | Killed a water moccasin
  4749 | D:5      | Reached skill level 3 in Dodging
  4749 | D:5      | Reached XP level 7. HP: 32/54 MP: 7/7
  4761 | D:5      | Reached * piety under Okawaru
  4866 | D:5      | Noticed Blork the orc
  4878 | D:5      | Killed Blork the orc
  4879 | D:5      | Reached skill level 4 in Dodging
  4950 | D:5      | You fall into a shaft and drop 3 floors!
  4950 | D:8      | Found a sand-covered staircase.
  4962 | Ossuary  | Entered an ossuary
  5057 | Ossuary  | Reached skill level 5 in Dodging
  5237 | Ossuary  | Gained mutation: Your spells are a little harder to cast,
                  | but a little more powerful. [potion of mutation]
  5237 | Ossuary  | Gained mutation: You have a somewhat thin skeletal
                  | structure. (Dex +2, Stealth+) [potion of mutation]
  5324 | D:8      | Gained mutation: You have a pair of small horns on your
                  | head. [demonic ancestry]
  5324 | D:8      | Reached XP level 8. HP: 14/60 MP: 8/8
  5331 | D:8      | HP: 3/60 [orc priest/divine providence (9)]
  5536 | D:8      | Reached skill level 6 in Dodging
  5569 | D:8      | Reached ** piety under Okawaru
  5667 | D:8      | Reached skill level 7 in Dodging
  5935 | D:8      | Found a snail-covered altar of Cheibriados.
  6021 | D:7      | Identified a scroll of acquirement
  6021 | D:7      | Acquired the +3 warlock's mirror {reflect}
  6021 | D:7      | Found the +3 warlock's mirror {reflect}
  6051 | D:7      | Reached skill level 8 in Dodging
  6615 | D:7      | Reached *** piety under Okawaru
  6616 | D:7      | Gained mutation: You have a pair of horns on your head.
                  | [demonic ancestry]
  6616 | D:7      | Reached XP level 9. HP: 61/65 MP: 9/9
  6684 | D:7      | Reached skill level 9 in Dodging
  7148 | D:7      | Found the +3 giant club "Skullcrusher" {speed, Str+7}
  7148 | D:7      | Found the brooch of Shielding {Spirit SH+8}
  7148 | D:7      | Noticed a gargoyle
  7148 | D:7      | Noticed a boulder beetle
  7178 | D:7      | Killed a gargoyle
  7179 | D:7      | Reached skill level 10 in Dodging
  7235 | D:7      | Killed a boulder beetle
  7235 | D:7      | Reached **** piety under Okawaru
  7236 | D:7      | Reached skill level 11 in Dodging
  7516 | D:7      | Gained mutation: You regenerate a little health from kills.
                  | [demonic ancestry]
  7516 | D:7      | Reached XP level 10. HP: 71/71 MP: 10/10
  7636 | D:7      | Identified the +1 war axe "Peim" {freeze, rF+ rC+ Int-3}
  7655 | D:7      | Reached skill level 12 in Dodging
  8040 | D:8      | Noticed Grum
  8073 | D:8      | Killed Grum
  8495 | D:9      | Identified the +4 chain mail of Immorality {rElec rCorr
                  | Str+6 Dex-4}
  8510 | D:9      | Found Irra's General Store.
  8519 | D:9      | Found a staircase to the Orcish Mines.
  8547 | D:9      | Bought a scroll of identify for 20 gold pieces
  8547 | D:9      | Bought a scroll of identify for 20 gold pieces
  8547 | D:9      | Bought a scroll of identify for 20 gold pieces
  8560 | D:9      | Found a runed translucent gate.
  8560 | D:9      | Found a runed translucent gate.
  8560 | D:9      | Found a runed translucent gate.
  8595 | D:9      | Noticed ThrustWizard's ghost (journeyman DsMo)
  8643 | D:9      | Noticed a boulder beetle
  8644 | D:9      | Noticed a green ugly thing
  8690 | D:9      | Reached ***** piety under Okawaru
  8776 | D:9      | Noticed Erolcha
  8852 | Abyss:2  | Cast into level 2 of the Abyss (Erolcha)
  8892 | D:9      | Escaped the Abyss
  8904 | D:9      | Killed Erolcha
  8905 | D:9      | Reached skill level 13 in Dodging
  9131 | D:9      | Noticed a two-headed ogre
  9142 | D:9      | Killed a two-headed ogre
  9173 | D:9      | Identified the +2 rapier of Capital Punishment {flame, rF++
                  | Str+3} (Okawaru gifted it to you on level 9 of the Dungeon)
  9173 | D:9      | Received a gift from Okawaru
  9299 | D:9      | Found a staircase to the Lair.
  9325 | D:9      | Reached skill level 14 in Dodging
  9331 | Lair:1   | Entered Level 1 of the Lair of Beasts
  9529 | Lair:1   | Noticed a cane toad
  9549 | Lair:1   | Killed a cane toad
  9550 | Lair:1   | Reached XP level 11. HP: 59/77 MP: 9/11
 10176 | Lair:2   | You fall into a shaft and drop 2 floors!
 10176 | Lair:4   | Found a staircase to the Slime Pits.
 10326 | Lair:4   | Noticed Snorg
 10380 | Lair:4   | Killed Snorg
 10381 | Lair:4   | Reached skill level 15 in Dodging
 10524 | Lair:4   | Noticed Josephine
 10759 | Lair:3   | Identified the +3 buckler of the Gastropod {MP+9 Int+4}
                  | (Okawaru gifted it to you on level 3 of the Lair of Beasts)
 10759 | Lair:3   | Received a gift from Okawaru
 10993 | Lair:3   | Found a staircase to the Snake Pit.
 11179 | Lair:3   | Found a staircase to the Swamp.
 11694 | Lair:2   | Noticed a seven-headed hydra
 11702 | Lair:2   | Reached skill level 16 in Dodging
 11706 | Lair:2   | Noticed a five-headed hydra
 11706 | Lair:2   | Noticed Amaemon
 11708 | Lair:2   | Killed a seven-headed hydra
 11713 | Lair:2   | Noticed a catoblepas
 11727 | Lair:2   | HP: 3/77 [five-headed hydra (9)]
 11727 | Lair:2   | Slain by a five-headed hydra

Illustrated notes

Levels and vault maps discovered:
D:1:      dpeg_arrival_pits, layout_loops_cross, serial_shops, shop,
          minmay_worlds_worst_comb
D:2:      layout_loops_corners, basic_altar, serial_park_tiny_1,
          minmay_tromino_mix6
D:3:      layout_basic, grunt_ministairs_4, uniq_sigmund
D:4:      layout_basic, mainiacjoe_overflow_boulevard,
          minmay_temple_entry_glassed_door
D:5:      layout_rooms, hangedman_glass_teeth, grunt_ministairs_5,
          kennysheep_diamond, chequers_serial_rivers_large_b, minivault_26,
          uniq_blork_the_orc
D:7:      minmay_the_grid_square_5x5_3x3 [minmay_the_grid_square_5x5_meh,
          minmay_the_grid_square_5x5_eight_small,
          minmay_the_grid_square_5x5_lines,
          minmay_the_grid_square_5x5_hollow_slash,
          minmay_the_grid_square_5x5_megaprize_diamond,
          minmay_the_grid_square_5x5_tie, minmay_the_grid_square_5x5_n_small,
          minmay_the_grid_square_5x5_minivault,
          minmay_the_grid_square_5x5_six_small], layout_gridville,
          minmay_misc_feat_rugged
D:8:      layout_loops_ring, slow_altar_2, enter_ossuary_3, uniq_grum
D:9:      layout_roguey, david_lair_shrubbed, david_orc_3, serial_shops,
          nicolae_shop_advertising_works [nicolae_subvault_shop_adworks],
          gammafunk_ghost_icy, lightli_corner_chamber, uniq_erolcha
Temple:   sentei_temple_godly_chess
Lair:1:   layout_concentric_octagons
Lair:2:   nzn_winding_woodlands_large [nzn_winding_woodlands_5x5_cross,
          nzn_winding_woodlands_5x15_pool, nzn_winding_woodlands_5x5_default,
          nzn_winding_woodlands_center_triple_pond,
          nzn_winding_woodlands_15x15_boxy_spiral,
          nzn_winding_woodlands_center_garden, nzn_winding_woodlands_hourglass,
          nzn_winding_woodlands_5x15_zeroes,
          nzn_winding_woodlands_5x5_checkerboard], layout_gridlike,
          gammafunk_ghost_split, special_room [special_room_bee], uniq_erica,
          uniq_amaemon, uniq_gastronok
Lair:3:   layout_chaotic_city, swamp_mist_pool,
          minmay_snake_entry_guardpost_medium
Lair:4:   layout_regular_city, nicolae_slime_entry_slimehenge, uniq_snorg,
          uniq_josephine, uniq_rupert

Skill      XL: |  1  2  3  4  5  6  7  8  9 10 11 |
---------------+----------------------------------+-----
Stealth        | 1 2 3 |  3.0
Maces & Flails | 1 4 5 |  5.0
Fighting       | 4 |  4.0
Dodging        | 3 5 8 11 14 16 | 16.3
Short Blades   | |  2.6
Throwing       | |  1.7

Action                   |  1- 3 |  4- 6 |  7- 9 | 10-12 || total
-------------------------+-------+-------+-------+-------++-------
Melee: Rapier            |    40 |       |       |       ||    40
       Whip              |   127 |   141 |   400 |   664 ||  1332
       Punch             |       |     4 |     3 |       ||     7
       Headbutt          |       |       |    53 |   129 ||   182
Throw: Throwing net      |       |     4 |     2 |     6 ||    12
       Javelin           |       |       |     3 |     8 ||    11
Invok: Heroism           |       |       |     1 |     4 ||     5
Evoke: Wand              |       |       |     1 |     2 ||     3
  Use: Scroll            |     4 |    15 |     4 |     4 ||    27
       Potion            |       |     2 |     7 |     1 ||    10
 Stab: Sleeping          |     2 |     2 |     4 |     1 ||     9
       Held in net/web   |       |     1 |       |     2 ||     3
       Distracted        |       |       |     2 |       ||     2
       Petrified         |       |       |       |    10 ||    10
       Petrifying        |       |       |       |     3 ||     3
Armor: Leather armour    |    67 |    23 |    58 |       ||   148
       Skin              |       |       |    15 |       ||    15
       Scale mail        |       |       |     2 |    12 ||    14
       Chain mail        |       |       |       |   107 ||   107
Dodge: Dodged            |   106 |    65 |   274 |   327 ||   772
Block: Buckler           |       |       |    68 |   521 ||   589
       Reflection        |       |       |     1 |     8 ||     9

Table legend: (Time is in decaauts)
 A = Elapsed time spent in this place.
 B = Non-inter-level travel time spent in this place.
 C = Inter-level travel time spent in this place.
 D = Time resting spent in this place.
 E = Time spent auto-exploring this place.
 F = Levels seen in this place.
 G = Mean time per level.
                   A        B        C        D        E       F      G
               +--------+--------+--------+--------+--------+-----+--------+
         Total |  11628 |  11201 |    427 |   2983 |   5855 |  16 |  726.8 |
       Dungeon |   8910 |   8516 |    394 |   2580 |   4283 |   8 | 1113.8 |
        Temple |     16 |      8 |      8 |      0 |      2 |   1 |   16.0 |
          Lair |   2361 |   2337 |     24 |    403 |   1381 |   4 |  590.2 |
         Abyss |     39 |     39 |      0 |      0 |      0 |   2 |   19.5 |
       Ossuary |    300 |    300 |      0 |      0 |    189 |   1 |  300.0 |
               +--------+--------+--------+--------+--------+-----+--------+

Top non-repeatable levels by time:
     D:7: 1932 daAuts
     D:2: 1508 daAuts
     D:4: 1308 daAuts
     D:8: 1227 daAuts
  Lair:3: 1081 daAuts
     D:1: 999 daAuts
     D:9: 820 daAuts
     D:3: 807 daAuts
  Lair:1: 788 daAuts
  Lair:4: 369 daAuts
     D:5: 306 daAuts
 Ossuary: 300 daAuts
  Lair:2: 122 daAuts
 Abyss:3: 23 daAuts
  Temple: 16 daAuts
